 Dungeon Crawl Stone Soup version 0.28-a0-1406-ga8dd43b1d0 (webtiles) character file.

Game seed: 5376332515923897542

23 IndexError the Caller (level 2, 0/20 HPs)
             Began as a Gnoll Summoner on Jan 6, 2022.
             Succumbed to a kobold's poison
             ... on level 1 of the Dungeon.
             The game lasted 00:01:14 (653 turns).

IndexError the Caller (Gnoll Summoner)               Turns: 653, Time: 00:01:14

Health: 0/20       AC:  2    Str:  7    XL:     2   Next: 95%
Magic:  5/7        EV: 13    Int: 14    God:
Gold:   6          SH:  0    Dex: 12    Spells: 9/10 levels left

rFire   . . .      SeeInvis .   e - +2 dagger (venom)
rCold   . . .      Faith    .   (no shield)
rNeg    . . .      Spirit   .   a - +0 robe
rPois   .          Reflect  .   (no helmet)
rElec   .          Harm     .   (no cloak)
rCorr   .          Rampage  .   (no gloves)
Will    .....                   (no boots)
Stlth   ++........              (no amulet)
HPRegen 0.06/turn               (no ring)
MPRegen 0.10/turn               (no ring)

@: lethally poisoned (0 -> -20)
A: fangs 1, strong nose, distributed training
a: no special abilities


You were on level 1 of the Dungeon.
You visited 1 branch of the dungeon, and saw 1 of its levels.

You collected 6 gold pieces.

Inventory:

Hand Weapons
 e - a +2 dagger of venom (weapon)
   (You took it off a goblin on level 1 of the Dungeon)
Armour
 a - a +0 robe (worn)
Jewellery
 f - a ring of willpower
   (You found it on level 1 of the Dungeon)
Scrolls
 c - a scroll of teleportation {unknown}
 d - a scroll of identify {unknown}
Potions
 b - a potion of might {unknown}


   Skills:
 + Level 0.5 Fighting
 + Level 0.5 Short Blades
 + Level 0.5 Long Blades
 + Level 0.5 Axes
 + Level 0.5 Maces & Flails
 + Level 0.5 Polearms
 + Level 0.5 Staves
 + Level 0.5 Slings
 + Level 0.5 Bows
 + Level 0.5 Crossbows
 + Level 0.5 Throwing
 + Level 0.5 Armour
 + Level 4.5 Dodging
 + Level 4.1 Stealth
 + Level 0.5 Shields
 + Level 0.5 Unarmed Combat
 + Level 4.9 Spellcasting
 + Level 0.4 Conjurations
 + Level 0.4 Hexes
 + Level 7.0 Summonings
 + Level 0.4 Necromancy
 + Level 0.4 Translocations
 + Level 0.4 Transmutations
 + Level 0.4 Fire Magic
 + Level 0.4 Ice Magic
 + Level 0.4 Air Magic
 + Level 0.4 Earth Magic
 + Level 0.4 Poison Magic
 + Level 0.7 Invocations
 + Level 0.5 Evocations


You had 9 spell levels left.
You knew the following spells:

 Your Spells              Type           Power      Damage    Failure   Level
a - Summon Small Mammal   Summ           92%        N/A       1%          1

Your spell library contained the following spells:

 Spells                   Type           Power      Damage    Failure   Level
 Call Imp                 Summ           23%        N/A       1%          2
 Call Canine Familiar     Summ           23%        N/A       2%          3
 Summon Guardian Golem    Hex/Summ       13%        N/A       12%         3
 Summon Lightning Spire   Summ/Air       13%        N/A       36%         4


Dungeon Overview and Level Annotations

Branches:
Dungeon (1/15)

Altars:

Shops:
D:1 [


Innate Abilities, Weirdness & Mutations

You have very sharp teeth.
Your uncanny sense of smell can sniff out nearby items.
Your experience applies equally to all skills.


Message History

You hit the frilled lizard but do no damage.
The bat barely misses you.
The frilled lizard bites you but does no damage.
Your quokka bites the bat.
The bat hits you but does no damage.
You closely miss the bat. Your bite misses the bat. The bat closely misses you.
The frilled lizard barely misses you.
You miss the frilled lizard. The bat hits you but does no damage.
Your quokka bites the bat.
The frilled lizard completely misses you.
The bat misses your quokka.
Your quokka completely misses the bat.
You hit the bat.
The frilled lizard completely misses you.
You barely miss the frilled lizard.
You bite the frilled lizard, but do no damage.
The frilled lizard bites you.
You take 2 damage, and have 11/20 hp.
You are too injured to fight recklessly!
You are too injured to fight recklessly!
You are too injured to fight recklessly!
You are too injured to fight recklessly!
You are too injured to fight recklessly!
You are too injured to fight recklessly!
You are too injured to fight recklessly!
You are too injured to fight recklessly!
You closely miss the frilled lizard. The frilled lizard bites you.
Your quokka barely misses the frilled lizard.
You take 1 damage, and have 10/20 hp.
You miss the frilled lizard. Your bite misses the frilled lizard.
Your quokka barely misses the frilled lizard.
The frilled lizard bites you.
You take 1 damage, and have 9/20 hp.
You miss the frilled lizard.
Your quokka closely misses the frilled lizard.
The frilled lizard bites you.
Your quokka bites the frilled lizard.
You take 2 damage, and have 7/20 hp.
You see here a +2 dagger of venom.
MP restored: 7
e - a +2 dagger of venom Your +2 dagger of venom begins to drip with poison!
e - a +2 dagger of venom (weapon)
Drop what? 5/52 slots (_ for help) (? for menu, Esc to quit)
You drop a +0 dagger.
Your quokka disappears in a puff of smoke!
An endoplasm comes into view.
Health restored: 20 The endoplasm quivers.
You hit the endoplasm. The endoplasm hits you.
You take 1 damage, and have 19/20 hp.
You hit the endoplasm.
The endoplasm is poisoned.
The endoplasm barely misses you.
You hit the endoplasm.
No target in view!
A quokka comes into view.
Health restored: 20 A quokka is nearby!
A quokka is nearby!
A quokka is nearby!
The quokka completely misses you.
You hit the quokka but do no damage. Your bite misses the quokka.
The quokka barely misses you.
You hit the quokka but do no damage.
The quokka is poisoned.
The quokka bites you.
You take 2 damage, and have 18/20 hp.
You hit the quokka.
The quokka looks as sick as possible!
No target in view!
c - a scroll labelled IMAVVIM DABYMY Health restored: 20 You open the door.
There is an open door here.
You open the door.
There is an open door here.
Found a stone staircase leading down.
f - a ring of willpower A kobold comes into view.
It is wielding a +1 dagger of venom.
The kobold shouts!
The kobold closely misses you.
You barely miss the kobold.
The kobold hits you with a +1 dagger of venom.
You are poisoned.
You take 2 damage, and have 18/20 hp.
You hit the kobold.
The kobold is poisoned.
You bite the kobold, but do no damage.
You feel sick.
The kobold hits you with a +1 dagger of venom.
You are lethally poisoned!
You take 3 damage, and have 15/20 hp.
You hit the kobold but do no damage.
The kobold looks as sick as possible!
Your bite misses the kobold.
You feel very sick.
The kobold hits you with a +1 dagger of venom.
You are more poisoned.
You take 5 damage, and have 10/20 hp.
MASSIVE DAMAGE!!
You are too injured to fight recklessly!
You are too injured to fight recklessly!
Casting: Summon Small Mammal (safe; 1% risk of failure)
Confirm with . or Enter, or press ? or * to list all spells.
* * * LOW HITPOINT WARNING * * *
You feel very sick.
Casting: Summon Small Mammal (safe; 1% risk of failure)
Confirm with . or Enter, or press ? or * to list all spells.
You die...

##### ########### #....
..........# #....
.?...r....# #....
......r)..# #####
.$.....@..# ##
..........# #.
...##...+## #######. #
#...+########...#...
#...........#...#.#.
####.........#.......
...............#...##.#
#####...............#..
#..........###..#..


You could see a friendly quokka (summoned) and a friendly rat (summoned).

Vanquished Creatures
  2 endoplasms (D:1)
  A kobold (D:1)
  A quokka (D:1)
  2 ball pythons (D:1)
  2 bats (D:1)
8 creatures vanquished.

Vanquished Creatures (collateral kills)
  A dart slug (D:1)
  An endoplasm (D:1)
  2 goblins (D:1)
  A hobgoblin (D:1)
  A quokka (D:1)
  A ball python (D:1)
  2 frilled lizards (D:1)
  2 kobolds (D:1)
11 creatures vanquished.

Grand Total: 19 creatures vanquished

Notes
Turn   | Place    | Note
-------+----------+-------------------------------------------
     0 | D:1      | IndexError the Gnoll Summoner began the quest for the Orb.
     0 | D:1      | Reached XP level 1. HP: 13/13 MP: 6/6
   106 | D:1      | Found Cextu's Armour Boutique.
   153 | D:1      | Reached XP level 2. HP: 17/19 MP: 4/7
   652 | D:1      | HP: 4/20 [poisoned by a kobold]
   653 | D:1      | Succumbed to a kobold's poison

Illustrated notes

Levels and vault maps discovered:
D:1:      evilmike_arrival_crescent, layout_basic, serial_shops,
          nicolae_shop_waterfront, minmay_misc_feat_enclosed

Action                   || total
-------------------------++-------
Melee: Unarmed           ||     7
       Dagger            ||    35
       Bite              ||     3
       Punch             ||     1
 Cast: Summon Small Mamm ||    12
 Stab: Sleeping          ||     1
Armor: Robe              ||     7
Dodge: Dodged            ||    38

Table legend: (Time is in decaauts)
 A = Elapsed time spent in this place.
 B = Non-inter-level travel time spent in this place.
 C = Inter-level travel time spent in this place.
 D = Time resting spent in this place.
 E = Time spent auto-exploring this place.
 F = Levels seen in this place.
 G = Mean time per level.
                   A        B        C        D        E       F      G
               +--------+--------+--------+--------+--------+-----+--------+
         Total |    652 |    643 |      9 |      0 |    500 |   1 |  652.0 |
       Dungeon |    652 |    643 |      9 |      0 |    500 |   1 |  652.0 |
               +--------+--------+--------+--------+--------+-----+--------+

Top non-repeatable levels by time:
     D:1: 652 daAuts

Table legend:
 A = Kills in this place as a percentage of kills in entire the game.
 B = Kills by you in this place as a percentage of kills by you in the entire game.
 C = Kills by friends in this place as a percentage of kills by friends in the entire game.
 D = Other kills in this place as a percentage of other kills in the entire game.
 E = Experience gained in this place as a percentage of experience gained in the entire game.
 F = Experience gained in this place divided by the number of levels of this place that you have seen.
                   A       B       C       D       E      F
               +-------+-------+-------+-------+-------+----------------------
         Total | 100.0 | 100.0 | 100.0 |   N/A | 100.0 |  33.0
       Dungeon | 100.0 | 100.0 | 100.0 |   N/A | 100.0 |  33.0
               +-------+-------+-------+-------+-------+----------------------
